 Dungeon Crawl Stone Soup version 0.25-a0-661-g55ea3d2053 (webtiles) character file.

Game seed: 8836733004540042195, levelgen mode: deterministic

16 darkraptor the Conjurer (level 2, -2/15 HPs)
             Began as a Deep Elf Conjurer on Mar 23, 2020.
             Slain by an orc
             ... wielding a +0 mace
              (5 damage)
             ... on level 3 of the Dungeon.
             The game lasted 00:05:53 (352 turns).

darkraptor the Conjurer (Deep Elf Conjurer)          Turns: 352, Time: 00:05:53

Health: -2/15      AC:  2    Str:  5    XL:     2   Next: 41%
Magic:  2/8        EV: 13    Int: 19    God:
Gold:   17         SH:  0    Dex: 15    Spells: 4/7 levels left

rFire    . . .     SeeInvis .   (no weapon)
rCold    . . .     Gourm    .   (no shield)
rNeg     . . .     Faith    .   a - +0 robe
rPois    .         Spirit   .   (no helmet)
rElec    .         Reflect  .   (no cloak)
rCorr    .         Harm     .   (no gloves)
MR       .....                  (no boots)
Stlth    ++........             (no amulet)
HPRegen  0.05/turn              (no ring)
MPRegen  0.11/turn              (no ring)

@: no status effects
A: no striking features
a: no special abilities


You were on level 3 of the Dungeon.
You were not hungry.

You visited 1 branch of the dungeon, and saw 3 of its levels.

You collected 17 gold pieces.

Inventory:

Armour
 a - a +0 robe (worn)
Scrolls
 b - a scroll of magic mapping
 d - a scroll of identify
 e - a scroll of noise {unknown}
Comestibles
 c - 2 rations
 g - 5 chunks of flesh


   Skills:
 + Level 2.7 Dodging
 + Level 2.4 Stealth
 + Level 3.2 Spellcasting
 + Level 4.9 Conjurations


You had 4 spell levels left.
You knew the following spells:

 Your Spells              Type           Power        Failure   Level  Hunger
a - Magic Dart            Conj           ###.         1%          1    None
b - Searing Ray           Conj           ###...       3%          2    ##.....

Your spell library contained the following spells:

 Spells                   Type           Power        Failure   Level  Hunger
 Dazzling Flash           Conj/Hex       ##....       16%         3    ###....
 Fulminant Prism          Conj/Hex       ##........   47%         4    ####...
 Iskenderun's Mystic Bla  Conj/Tloc      ##......     47%         4    ####...


Dungeon Overview and Level Annotations

Branches:
Dungeon (3/15)

Altars:


Message History

You don't have enough magic to cast that spell.
Casting: Searing Ray (safe; 3% risk of failure)
Confirm with . or Enter, or press ? or * to list all spells.
You don't have enough magic to cast that spell.
You hit the orc but do no damage. You hit the orc but do no damage.
The orc barely misses you.
You closely miss the orc. The orc barely misses you.
You hit the orc but do no damage. The orc barely misses you.
You closely miss the orc. The orc closely misses you.
You hit the orc but do no damage. The orc misses you.
You hit the orc but do no damage. You hit the orc but do no damage.
The orc hits you with a +0 mace!
Ouch! That really hurt!
You hit the orc but do no damage. The orc hits you with a +0 mace.
You hit the orc but do no damage. The orc hits you with a +0 mace.
* * * LOW HITPOINT WARNING * * *
You hit the orc but do no damage. The orc barely misses you.
Unknown command.
You closely miss the orc. The orc hits you with a +0 mace.
You die...

######## #......#
#......######.
#.....<.......
#......####.#.
+.............
##.###..)...####.##
......o@....#
............#
............#
............#
............#
##.########## #. #


You could see an orc.

Vanquished Creatures
  A dart slug (D:1)
  A giant cockroach (D:2)
  A goblin (D:3)
  3 hobgoblins
  4 jackals (D:1)
  A frilled lizard (D:2)
  A rat (D:2)
12 creatures vanquished.

Notes
Turn   | Place    | Note
-------+----------+-------------------------------------------
     0 | D:1      | darkraptor the Deep Elf Conjurer began the quest for the
                  | Orb.
     0 | D:1      | Reached XP level 1. HP: 10/10 MP: 6/6
   187 | D:1      | Reached XP level 2. HP: 15/15 MP: 8/8
   235 | D:1      | Learned a level 2 spell: Searing Ray
   352 | D:3      | Slain by an orc

Levels and vault maps discovered:
D:1:      lordsloth_arrival_two_stooges, layout_basic
D:2:      layout_basic
D:3:      layout_basic, uniq_ijyb, uniq_sigmund, uniq_jessica

Action                   || total
-------------------------++-------
Melee: Unarmed           ||    36
 Cast: Magic Dart        ||     9
       Searing Ray       ||     8
  Use: Potion            ||     3
       Scroll            ||     1
Armor: Skin              ||    32
       Robe              ||     7
Dodge: Dodged            ||    43

Table legend:
 A = Non-vault XP
 B = Vault XP
 C = Vault XP percentage of total XP
 D = Non-vault monster count
 E = Vault monster count
 F = Vault count percentage of total count
                 A         B        C        D         E       F
            +---------+---------+-------+---------+---------+-------
      Total |      24 |       0 |   0.0 |      12 |       0 |   0.0
            +---------+---------+-------+---------+---------+-------
        D:1 |      14 |       0 |   0.0 |       6 |       0 |   0.0
        D:2 |       6 |       0 |   0.0 |       4 |       0 |   0.0
        D:3 |       4 |       0 |   0.0 |       2 |       0 |   0.0
            +---------+---------+-------+---------+---------+-------
